[Event "WSCC  M50 2019"]
[Site "Bucharest"]
[Date "2019.11.12"]
[Round "1.9"]
[White "Georgiev, Kiril"]
[Black "Gavrish, Leonid"]
[Result "1-0"]
[ECO "A05"]
[WhiteElo "2582"]
[BlackElo "2077"]
[Annotator "ChessBase"]
[PlyCount "53"]
[EventDate "2019.11.12"]
[EventType "swiss"]
[EventCountry "ROU"]
[SourceTitle "playchess.com"]
[Source "ChessBase"]
[SourceQuality "1"]
[TimeControl "40/5400+30:1800+30"]

1. Nf3 Nf6 2. c4 c5 3. Nc3 g6 4. d4 cxd4 5. Nxd4 Nc6 6. Nc2 Bg7 7. e4 d6 8. Be2 O-O 9. O-O Nd7 10. Bd2 Nc5 11. f3 a5 12. Be3 f5 13. exf5 gxf5 14. Qd2 a4 15. Na3 Qa5 16. Rfd1 Be6 17. Rab1 Kh8 18. Kh1 Rac8 19. Bh6 Bxh6 20. Qxh6 f4 21. Qh4 Rf6 22. Rxd6 Rcf8 23. Rd2 Bf5 24. Rbd1 e6 25. Nab5 Ne5 26. Rd8 Ng6 27. Qxf6+ 1-0

[Event "WSCC  M50 2019"]
[Site "Bucharest"]
[Date "2019.11.12"]
[Round "1.10"]
[White "Gayson, Peter M"]
[Black "Lima, Darcy"]
[Result "1-0"]
[ECO "B03"]
[WhiteElo "2075"]
[BlackElo "2540"]
[Annotator "ChessBase"]
[PlyCount "77"]
[EventDate "2019.11.12"]
[EventType "swiss"]
[EventCountry "ROU"]
[SourceTitle "playchess.com"]
[Source "ChessBase"]
[SourceQuality "1"]
[TimeControl "40/5400+30:1800+30"]

1. e4 Nf6 2. e5 Nd5 3. d4 d6 4. c4 Nb6 5. f4 g6 6. Nf3 Bg7 7. Nc3 dxe5 8. fxe5 Bg4 9. c5 Nc8 10. Be3 b6 11. h3 Bd7 12. Bc4 bxc5 13. Bxf7+ Kxf7 14. e6+ Ke8 15. exd7+ Qxd7 16. O-O Nd6 17. dxc5 Nf5 18. Bf4 Bxc3 19. bxc3 Qxd1 20. Raxd1 Na6 21. g4 Ng7 22. Be5 Rg8 23. Ng5 h6 24. Bxg7 hxg5 25. Be5 c6 26. Rde1 Kd7 27. Rd1+ Ke8 28. Rde1 Kd7 29. Rd1+ Ke6 30. Rfe1 Rge8 31. Bd4+ Kf7 32. Re5 Rad8 33. Rf1+ Kg7 34. Re6+ Kh6 35. Rf7 Nc7 36. Bg7+ Kh7 37. Be5+ Kg8 38. Rg7+ Kf8 39. Rexg6 1-0

[Event "WSCC  M50 2019"]
[Site "Bucharest"]
[Date "2019.11.12"]
[Round "1.11"]
[White "Sturua, Zurab"]
[Black "Cmiel, Thorsten"]
[Result "1-0"]
[ECO "A31"]
[WhiteElo "2540"]
[BlackElo "2068"]
[Annotator "ChessBase"]
[PlyCount "69"]
[EventDate "2019.11.12"]
[EventType "swiss"]
[EventCountry "ROU"]
[SourceTitle "playchess.com"]
[Source "ChessBase"]
[SourceQuality "1"]
[TimeControl "40/5400+30:1800+30"]

1. c4 c5 2. Nf3 Nf6 3. d4 cxd4 4. Nxd4 Nc6 5. Nc3 g6 6. Nc2 Bg7 7. e4 O-O 8. Be2 d6 9. O-O Nd7 10. Bd2 Nc5 11. b4 Bxc3 12. Bxc3 Nxe4 13. Bb2 Nf6 14. Qd2 Be6 15. Rfd1 Qb8 16. Qg5 a5 17. b5 Ne5 18. Ne3 Rc8 19. f4 Nxc4 20. Bxc4 Bxc4 21. Nf5 Qc7 22. Nh6+ Kg7 23. Nf5+ Kg8 24. Nh6+ Kg7 25. Ng4 Qc5+ 26. Kh1 Qf5 27. Ne3 Qe4 28. Ng4 Qf5 29. a4 Be6 30. Ne3 Qe4 31. Qg3 Qb4 32. Rab1 Qxa4 33. f5 Bb3 34. fxg6 hxg6 35. Bxf6+ 1-0

[Event "WSCC  M50 2019"]
[Site "Bucharest"]
[Date "2019.11.12"]
[Round "1.12"]
[White "Moise, Octavian-Mirel"]
[Black "Shabalov, Alexander"]
[Result "1/2-1/2"]
[ECO "A57"]
[WhiteElo "2068"]
[BlackElo "2528"]
[Annotator "ChessBase"]
[PlyCount "55"]
[EventDate "2019.11.12"]
[EventType "swiss"]
[EventCountry "ROU"]
[SourceTitle "playchess.com"]
[Source "ChessBase"]
[SourceQuality "1"]
[TimeControl "40/5400+30:1800+30"]

1. d4 Nf6 2. c4 c5 3. d5 b5 4. Qc2 g6 5. e4 Bg7 6. cxb5 O-O 7. Bd3 d6 8. Nc3 a6 9. h3 e6 10. Nf3 exd5 11. exd5 Bb7 12. O-O axb5 13. Bxb5 Nxd5 14. Bg5 Qa5 15. Nxd5 Bxd5 16. Be2 Nc6 17. Bd2 Qb6 18. Bc3 Nb4 19. Qd2 Bxa2 20. Bxg7 Kxg7 21. h4 d5 22. Ne5 Rfe8 23. Ng4 f5 24. Qh6+ Kh8 25. Ne3 Qf6 26. Bf3 Ra6 27. Rfe1 Rf8 28. Nxd5 1/2-1/2

[Event "WSCC  M50 2019"]
[Site "Bucharest"]
[Date "2019.11.12"]
[Round "1.17"]
[White "Dvoirys, Semen I."]
[Black "Goater, Kevin P"]
[Result "0-1"]
[ECO "B15"]
[WhiteElo "2490"]
[BlackElo "2061"]
[Annotator "ChessBase"]
[PlyCount "60"]
[EventDate "2019.11.12"]
[EventType "swiss"]
[EventCountry "ROU"]
[SourceTitle "playchess.com"]
[Source "ChessBase"]
[SourceQuality "1"]
[TimeControl "40/5400+30:1800+30"]

1. e4 c6 2. d4 d5 3. Nd2 dxe4 4. Nxe4 Nf6 5. Nxf6+ exf6 6. Bc4 Bd6 7. Ne2 Qc7 8. Ng3 O-O 9. O-O Re8 10. Qh5 g6 11. Qh4 Be6 12. Ne4 Nd7 13. Nxd6 Qxd6 14. Bb3 Bxb3 15. axb3 Re6 16. Bf4 Qe7 17. Qg3 a6 18. c4 Re4 19. Rad1 Re8 20. Bd6 Qe6 21. Bb4 b5 22. Qc3 c5 23. dxc5 bxc4 24. f3 Re2 25. bxc4 Ne5 26. b3 Qf5 27. Rf2 Nc6 28. Rdf1 R2e3 29. Qd2 Rd3 30. Re1 Red8 0-1

[Event "WSCC  M50 2019"]
[Site "Bucharest"]
[Date "2019.11.12"]
[Round "1.19"]
[White "Soffer, Ram"]
[Black "Cetinkaya, Vedat Ali"]
[Result "1-0"]
[ECO "B10"]
[WhiteElo "2485"]
[BlackElo "2046"]
[Annotator "ChessBase"]
[PlyCount "87"]
[EventDate "2019.11.12"]
[EventType "swiss"]
[EventCountry "ROU"]
[SourceTitle "playchess.com"]
[Source "ChessBase"]
[SourceQuality "1"]
[TimeControl "40/5400+30:1800+30"]

1. e4 c6 2. Nf3 d5 3. Nc3 e6 4. d4 Nf6 5. Bd3 Be7 6. e5 Nfd7 7. Ne2 c5 8. c3 Nc6 9. O-O O-O 10. Nf4 Re8 11. a3 a5 12. Re1 Nf8 13. Nh5 g6 14. Ng3 cxd4 15. cxd4 f6 16. Qd2 b6 17. Bb5 Bd7 18. exf6 Bxf6 19. Bxc6 Bxc6 20. Qf4 Rc8 21. Nf1 Ba4 22. Ne3 Bg7 23. Ng4 Qc7 24. Nh6+ Bxh6 25. Qxh6 Qg7 26. Qh4 Nd7 27. Bh6 Qf6 28. Bg5 Qg7 29. Re3 Bc2 30. Nd2 Bf5 31. Rae1 Rc2 32. Nf1 Rc4 33. Rd1 a4 34. Ng3 Bc2 35. Rd2 Be4 36. h3 Rxd4 37. Nxe4 dxe4 38. Bf6 Nxf6 39. Rxd4 g5 40. Qg3 Nh5 41. Qd6 Nf4 42. Rexe4 b5 43. Qe5 Qg6 44. Rxf4 1-0

[Event "WSCC  M50 2019"]
[Site "Bucharest"]
[Date "2019.11.12"]
[Round "1.20"]
[White "Minescu, Dragos-Olivar"]
[Black "Pavlovic, Milos"]
[Result "0-1"]
[ECO "A10"]
[WhiteElo "2046"]
[BlackElo "2482"]
[Annotator "ChessBase"]
[PlyCount "42"]
[EventDate "2019.11.12"]
[EventType "swiss"]
[EventCountry "ROU"]
[SourceTitle "playchess.com"]
[Source "ChessBase"]
[SourceQuality "1"]
[TimeControl "40/5400+30:1800+30"]

1. c4 g6 2. d4 Bg7 3. Nc3 d6 4. e4 Nf6 5. f3 O-O 6. Be3 Nbd7 7. Qd2 a6 8. g4 c5 9. d5 b5 10. cxb5 Qa5 11. Bh6 Bxh6 12. Qxh6 axb5 13. Bxb5 Ne5 14. O-O-O Ba6 15. Bxa6 Qxa6 16. Nh3 Rfb8 17. Nf2 Qc4 18. Qd2 Rxa2 19. Qc2 Ra1+ 20. Nb1 Rxb2 21. Kxb2 Ra2+ 0-1

[Event "WSCC  M50 2019"]
[Site "Bucharest"]
[Date "2019.11.12"]
[Round "1.21"]
[White "Movsziszian, Karen"]
[Black "Smith, Peter R"]
[Result "1-0"]
[ECO "A00"]
[WhiteElo "2470"]
[BlackElo "2044"]
[Annotator "ChessBase"]
[PlyCount "67"]
[EventDate "2019.11.12"]
[EventType "swiss"]
[EventCountry "ROU"]
[SourceTitle "playchess.com"]
[Source "ChessBase"]
[SourceQuality "1"]
[TimeControl "40/5400+30:1800+30"]

1. g3 g6 2. Bg2 Bg7 3. d3 d6 4. f4 e5 5. Nc3 Ne7 6. Nf3 O-O 7. O-O Nbc6 8. e4 Nd4 9. Nxd4 exd4 10. Ne2 f5 11. c3 dxc3 12. bxc3 c5 13. Qb3+ Kh8 14. Be3 Qc7 15. Rad1 Bd7 16. Rfe1 Bc6 17. c4 Rfe8 18. Nc3 a6 19. d4 fxe4 20. dxc5 dxc5 21. Bxc5 Nf5 22. Bb6 Qf7 23. Nxe4 Bxe4 24. Bxe4 Rac8 25. Bf2 h5 26. Bd5 Rxe1+ 27. Rxe1 Qc7 28. Qd3 Rd8 29. Re6 Qf7 30. Rb6 Qe8 31. Rxb7 Qa4 32. h3 Nd6 33. Rc7 Qa5 34. Qxg6 1-0

[Event "WSCC  M50 2019"]
[Site "Bucharest"]
[Date "2019.11.12"]
[Round "1.22"]
[White "Telea, Stefan"]
[Black "Psakhis, Lev"]
[Result "0-1"]
[ECO "A04"]
[WhiteElo "2028"]
[BlackElo "2461"]
[Annotator "RC"]
[PlyCount "94"]
[EventDate "2019.11.12"]
[EventType "swiss"]
[EventCountry "ROU"]
[SourceTitle "playchess.com"]
[Source "ChessBase"]
[SourceQuality "1"]
[TimeControl "40/5400+30:1800+30"]

1. Nf3 c5 2. g3 Nc6 3. d4 cxd4 4. Nxd4 g6 5. Nxc6 bxc6 6. Qd4 Nf6 7. Bg2 Bg7 8. O-O O-O 9. c4 Ba6 10. Rd1 d5 11. Qh4 Bxc4 12. Nc3 Nd7 13. Bg5 f6 14. Bh6 e6 15. b3 Ba6 16. Rac1 f5 17. Bg5 Qa5 18. Na4 Bxe2 19. Re1 Qa6 20. Nc3 Bxc3 21. Rxc3 e5 22. a4 e4 23. Be3 Rae8 24. Bd4 Rf7 25. Qf4 c5 26. Bxc5 Nxc5 27. Rxc5 d4 28. Rxe2 Qxe2 29. Bf1 Qf3 30. Bc4 Qxf4 31. gxf4 Ree7 32. Kf1 Kg7 33. Bxf7 Kxf7 34. b4 Ke6 35. b5 Kd6 36. Rc6+ Kd5 37. Ke2 g5 38. fxg5 f4 39. h4 d3+ 40. Ke1 e3 41. fxe3 fxe3 42. a5 Re4 43. Rc3 Rd4 44. Kd1 Ke4 45. Rb3 Kf3 46. b6 Kf2 47. Rb1 d2 0-1

[Event "WSCC  M50 2019"]
[Site "Bucharest"]
[Date "2019.11.12"]
[Round "1.23"]
[White "Managadze, Nikoloz"]
[Black "Sabah, Iraj"]
[Result "1-0"]
[ECO "A30"]
[WhiteElo "2450"]
[BlackElo "2019"]
[Annotator "RC"]
[PlyCount "75"]
[EventDate "2019.11.12"]
[EventType "swiss"]
[EventCountry "ROU"]
[SourceTitle "playchess.com"]
[Source "ChessBase"]
[SourceQuality "1"]
[TimeControl "40/5400+30:1800+30"]

1. Nf3 Nf6 2. c4 e6 3. g3 b6 4. Bg2 Bb7 5. O-O c5 6. Nc3 Be7 7. d4 cxd4 8. Qxd4 Nc6 9. Qf4 O-O 10. Rd1 Rc8 11. e4 Na5 12. b3 Bb4 13. Bb2 Bxc3 14. Bxc3 Nxe4 15. Bxa5 bxa5 16. Ne5 Nc3 17. Qd2 Bxg2 18. Qxc3 Bc6 19. Rd6 Qc7 20. Rad1 Rfd8 21. Nxc6 dxc6 22. c5 Rxd6 23. cxd6 Qb6 24. d7 Rd8 25. Rd6 Qc7 26. Qxc6 Qxc6 27. Rxc6 Kf8 28. Rc7 a4 29. b4 a6 30. Ra7 a3 31. Rxa6 Rxd7 32. Rxa3 Ke7 33. b5 Rb7 34. Ra5 Kd6 35. a4 Kc5 36. Ra6 h5 37. h4 e5 38. Kf1 1-0

[Event "WSCC  M50 2019"]
[Site "Bucharest"]
[Date "2019.11.12"]
[Round "1.24"]
[White "Pogosian, Vladimir"]
[Black "Godena, Michele"]
[Result "0-1"]
[ECO "C51"]
[WhiteElo "2017"]
[BlackElo "2449"]
[Annotator "NA"]
[PlyCount "173"]
[EventDate "2019.11.12"]
[EventType "swiss"]
[EventCountry "ROU"]
[SourceTitle "playchess.com"]
[Source "ChessBase"]
[SourceQuality "1"]
[TimeControl "40/5400+30:1800+30"]

1. e4 e5 2. Nf3 Nc6 3. Bc4 Bc5 4. b4 Bxb4 5. c3 Be7 6. d4 Na5 7. Bd3 d6 8. O-O Nc6 9. Nbd2 Nf6 10. Re1 O-O 11. Rb1 h6 12. h3 Nh7 13. Nc4 Ng5 14. d5 Nxf3+ 15. Qxf3 Nb8 16. Ne3 Bg5 17. g3 Nd7 18. h4 Bxe3 19. Bxe3 b6 20. Kg2 Nf6 21. Bd2 c6 22. dxc6 Bg4 23. Qe3 Qc8 24. f3 Be6 25. Bb5 a6 26. Be2 b5 27. a4 Qxc6 28. axb5 axb5 29. Bxb5 Qc7 30. c4 Ra2 31. Re2 Rfa8 32. Rc1 Bd7 33. Rf2 Qb7 34. Qb3 R8a3 35. Qb4 Bc6 36. Bxc6 Qxc6 37. Qb5 Qa8 38. Rb1 Kh7 39. Qb7 Qe8 40. Be1 Qe6 41. Qb5 Nh5 42. Rbb2 Ra1 43. Rb1 Rxb1 44. Qxb1 Qxc4 45. Qb4 Qa6 46. Rd2 Ra1 47. Rf2 Rd1 48. Qc3 Nf6 49. g4 h5 50. g5 Nd7 51. Bd2 Nc5 52. Be3 Rd3 53. Qc1 Ne6 54. Re2 Ra3 55. Qd2 Rd3 56. Qc1 Ra3 57. Qd2 Qc4 58. Kf2 Rd3 59. Qc2 Rc3 60. Qa2 Qd3 61. Qd2 Nf4 62. Qxd3 Nxd3+ 63. Kg3 Kg6 64. Ra2 Nb4 65. Rb2 Nc6 66. Kf2 Nd8 67. Bb6 Ne6 68. Rd2 Rc6 69. Be3 f6 70. gxf6 gxf6 71. Kg3 f5 72. Kg2 Kf6 73. Rb2 Rc3 74. Kf2 f4 75. Bd2 Rd3 76. Bb4 Nd4 77. Bxd6 Rxf3+ 78. Kg2 Rg3+ 79. Kf2 Rf3+ 80. Kg2 Re3 81. Bc5 Rxe4 82. Rb6+ Ne6 83. Bf2 Re2 84. Kf3 Ra2 85. Rb3 Kf5 86. Kg2 Nc5 87. Kg1 0-1

[Event "WSCC  M50 2019"]
[Site "Bucharest"]
[Date "2019.11.12"]
[Round "1.29"]
[White "Rinas, Oleg"]
[Black "Craciun, Ovidiu"]
[Result "1-0"]
[ECO "C68"]
[WhiteElo "2420"]
[BlackElo "1953"]
[Annotator "NA RC"]
[PlyCount "105"]
[EventDate "2019.11.12"]
[EventType "swiss"]
[EventCountry "ROU"]
[SourceTitle "playchess.com"]
[Source "ChessBase"]
[SourceQuality "1"]
[TimeControl "40/5400+30:1800+30"]

1. e4 e5 2. Nf3 Nc6 3. Bb5 a6 4. Bxc6 dxc6 5. d4 exd4 6. Qxd4 Qxd4 7. Nxd4 Bd7 8. O-O O-O-O 9. Be3 Ne7 10. Nd2 {[%emt 0:07:50] C68: Ruy Lopez: Exchange Variation, sidelines} (10. Nc3 f6 11. Rad1 Ng6 12. f3 b6 13. b3 Ne5 14. a4 Bb4 15. Nce2 Rhe8 16. Nf4 g6 17. h3 Bd6 18. Nde2 {½-½ (18) Fagerstrom,B (2480)-Klovans,J (2570) ICCF email 2009}) 10... b6 $146 ({Predecessor:} 10... c5 11. N4f3 b6 12. Rfe1 f6 13. e5 Nd5 14. c3 f5 15. g3 h6 16. Nh4 g5 17. Ng6 {0-1 (34) Engel,B (2139)-Mischuk,D (2371) Hofheim 2018}) 11. Rfd1 c5 12. Ne2 Ng6 13. f3 Be7 14. Nf4 Nxf4 15. Bxf4 Be6 16. Be5 f6 17. Bg3 Rd7 18. Kf2 Rhd8 19. Ke1 Kb7 20. b3 g6 21. Nc4 Bxc4 22. bxc4 Rd4 23. Rxd4 cxd4 24. Ke2 c5 25. Kd3 Kc6 26. a4 Bd6 27. Bf2 Bc7 28. h3 Re8 29. Bh4 f5 30. Re1 f4 31. Bg5 Be5 32. Ra1 Rf8 33. Rb1 Rf7 34. Bd8 Bc7 35. Bxc7 Kxc7 36. e5 Rf5 37. Ke4 Rg5 $16 38. Rg1 Rf5 39. Kd5 Rg5 40. Ke4 Rf5 41. g4 fxg3 42. Rxg3 Kd7 43. f4 Rf8 44. c3 dxc3 45. Rxc3 Kc7 46. Rd3 Re8 47. Rd6 Rf8 48. h4 Rf7 49. a5 bxa5 50. Rxa6 Kb7 51. Rxa5 Kb6 52. Ra8 Rd7 53. e6 1-0

[Event "WSCC  M50 2019"]
[Site "Bucharest"]
[Date "2019.11.12"]
[Round "1.30"]
[White "Lopez De Turiso, Jose Angel"]
[Black "Vareille, Francois"]
[Result "0-1"]
[ECO "E68"]
[WhiteElo "1947"]
[BlackElo "2417"]
[Annotator "NA"]
[PlyCount "56"]
[EventDate "2019.11.12"]
[EventType "swiss"]
[EventCountry "ROU"]
[SourceTitle "playchess.com"]
[Source "ChessBase"]
[SourceQuality "1"]
[TimeControl "40/5400+30:1800+30"]

1. d4 Nf6 2. c4 g6 3. g3 Bg7 4. Bg2 O-O 5. Nf3 d6 6. O-O Nbd7 7. Nc3 e5 8. e4 c6 9. h3 Qb6 10. Re1 exd4 11. Nxd4 Re8 12. Na4 Qa5 13. a3 Nc5 14. Nc3 Qc7 15. b4 Ncd7 16. Nb3 Ng4 17. Bb2 Nge5 18. Bf1 Nb6 19. Na5 Be6 20. c5 dxc5 21. bxc5 Nbd7 22. Nb3 Rad8 23. Nd4 Nxc5 24. Nxe6 Rxe6 25. Qe2 Rd2 26. Qe3 Rxb2 27. Qxc5 Nf3+ 28. Kg2 Bd4 0-1